 Dungeon Crawl Stone Soup version 0.22-a0-166-g5351223 (webtiles) character file.

23 Amnesiac the Digger (level 2, -2/13 HPs)
             Began as a Spriggan Earth Elementalist on Feb 13, 2018.
             Slain by a worker ant (6 damage)
             ... on level 4 of the Dungeon.
             The game lasted 00:01:43 (396 turns).

Amnesiac the Digger (Spriggan Earth Elementalist)    Turns: 396, Time: 00:01:44

Health: -2/13      AC:  2    Str:  4    XL:     2   Next: 75%
Magic:  1/7        EV: 18    Int: 16    God:
Gold:   55         SH:  0    Dex: 16    Spells: 4/7 levels left

rFire    . . .     SeeInvis +   (weapon restricted)
rCold    . . .     Gourm    .   (shield restricted)
rNeg     . . .     Faith    .   c - +0 robe
rPois    .         Spirit   .   (helmet restricted)
rElec    .         Reflect  .   (no cloak)
rCorr    .         Harm     .   (gloves unavailable)
MR       .....                  (boots unavailable)
Stlth    ++........             (no amulet)
HPRegen  0.04/turn              (no ring)
MPRegen  0.10/turn              (no ring)

@: lethally poisoned (-2 -> -11), very slightly contaminated, hasted, very quick
A: very small, unfitting armour, see invisible, herbivore, speed 3, slow
metabolism 2
a: no special abilities


You were on level 4 of the Dungeon.
You were not hungry.

You visited 1 branch of the dungeon, and saw 4 of its levels.

You collected 55 gold pieces.

Inventory:

Hand Weapons
 h - a +0 falchion
Missiles
 b - 66 stones (quivered)
Armour
 c - a +0 robe (worn)
Scrolls
 a - a scroll of teleportation {!r, unknown}
 f - a scroll of remove curse {!r, unknown}
 g - 2 scrolls of enchant armour {!r, unknown}
 j - 2 scrolls of immolation {!r, unknown}
Potions
 i - a potion of haste {!q}
Books
 e - a book of Geomancy

   Spells                             Type                      Level
   a - Sandblast                      Earth                        1
   b - Passwall                       Transmutation/Earth          2
   c - Stone Arrow                    Conjuration/Earth            3
   d - Petrify                        Transmutation/Earth          4
   e - Lee's Rapid Deconstruction     Earth                        5
Comestibles
 d - 3 rations


   Skills:
 - Level 3.0 Dodging
 - Level 3.0 Stealth
 + Level 3.2 Spellcasting
 - Level 1.3 Transmutations
 * Level 3.4 Earth Magic


You had 4 spell levels left.
You knew the following spells:

 Your Spells              Type           Power        Failure   Level  Hunger
a - Sandblast             Erth           ##....       4%          1    None
b - Passwall              Tmut/Erth      ##........   11%         2    ##.....


Dungeon Overview and Level Annotations

Branches:
Dungeon (4/15)
 Temple: D:4-7

Altars:


Innate Abilities, Weirdness & Mutations

You are very small and have problems with some larger weapons.
You are too small for most types of armour.
You have supernaturally acute eyesight. (SInv)
You are a herbivore.
You cover ground extremely quickly.
You need consume almost no food.


Message History

Found a dark potion.
An orc comes into view. It is wielding a flail.
An adder and 2 orcs come into view.
Found a bubbling orange potion.
Casting: Sandblast (safe; 4% risk of failure)
Confirm with . or Enter, or press ? or * to list all spells.
Aiming: Sandblast (safe; 4% risk of failure)
Press: ? - help, Shift-Dir - straight line, f/p - worker ant
Aim: a worker ant (heavily wounded)
The blast of sand hits the worker ant.
The worker ant is heavily wounded.
b - 68 stones The orc shouts! x3; The adder hisses angrily.
Found a sedimented inky potion.
You see here a dark potion {!q}.
i - 2 dark potions {!q} (gained 1)
The orc closely misses you.
Found a ration.
Found 6 gold pieces.
Casting: Sandblast (safe; 4% risk of failure)
Confirm with . or Enter, or press ? or * to list all spells.
Aiming: Sandblast (safe; 4% risk of failure)
Press: ? - help, Shift-Dir - straight line, f/p - worker ant
Aim: a worker ant (heavily wounded)
The blast of sand hits the worker ant.
The worker ant is almost dead.
b - 67 stones
Casting: Sandblast (safe; 4% risk of failure)
Confirm with . or Enter, or press ? or * to list all spells.
Aiming: Sandblast (safe; 4% risk of failure)
Press: ? - help, Shift-Dir - straight line, f/p - worker ant
Aim: a worker ant (almost dead)
You miscast Sandblast.
You are very lightly contaminated with residual magic.
Nothing appears to happen.
Casting: Sandblast (safe; 4% risk of failure)
Confirm with . or Enter, or press ? or * to list all spells.
Aiming: Sandblast (safe; 4% risk of failure)
Press: ? - help, Shift-Dir - straight line, f/p - worker ant
Aim: a worker ant (almost dead)
You miscast Sandblast.
Nothing appears to happen.
The worker ant bites you.
You are lethally poisoned!
The worker ant poisons you!
Casting: Sandblast (safe; 4% risk of failure)
Confirm with . or Enter, or press ? or * to list all spells.
Aiming: Sandblast (safe; 4% risk of failure)
Press: ? - help, Shift-Dir - straight line, f/p - worker ant
Aim: a worker ant (almost dead)
The blast of sand misses the worker ant.
The blast of sand hits the adder.
The adder is severely wounded.
b - 66 stones
* * * LOW HITPOINT WARNING * * *
You feel sick. The worker ant completely misses you.
* * * LOW HITPOINT WARNING * * *
You feel sick.
Found 20 gold pieces.
Okay, then.
Okay, then.
Really quaff
i - 2 dark potions {!q}?
It was a potion of haste {!q}.
You feel yourself speed up.
* * * LOW HITPOINT WARNING * * *
You feel sick. The worker ant bites you.
You die...

#.......P$$$P#
###.....#.#
.###.#..P$$$P#
#..>......######
.###....PPPPP.
....###.....!...
..>...........
#...#.........
...##..###..#### #
##........... #..
##.# #....$
.#####.o....... ..
#.# ####.
...##.o....... #.#
#.## #..#.........
#.## #.@##
##.#......... #..#
##.a###.o.o..######
##.# ##.So.......#
#. #.# ####$....!.#
#. #.## ##......#
#.. #..## #......#
#.###..## ###
#%.....#
#.......#...#
########
###...<......


You could see a worker ant, an adder and an orc.

Vanquished Creatures
  An adder (D:3)
  2 leopard geckos
  4 orcs (D:3)
  A giant cockroach (D:2)
  A rat (D:2)
9 creatures vanquished.

Notes
Turn   | Place    | Note
-------+----------+-------------------------------------------
     0 | D:1      | Amnesiac the Spriggan Earth Elementalist began the quest for the Orb.
     0 | D:1      | Reached XP level 1. HP: 9/9 MP: 5/5
   112 | D:3      | Reached XP level 2. HP: 13/13 MP: 0/7
   139 | D:3      | Learned a level 2 spell: Passwall
   305 | D:4      | Noticed a phantom
   396 | D:4      | Slain by a worker ant

Vault maps used:
D:1:      dpeg_arrival_simpleton_a, evilmike_ruin_ashenzari
D:2:      first_ration, st_stairs_3, elyvilon_altar_1
D:3:      serial_bayou, serial_bayou_lagoon_a, serial_bayou_pond_a,
          serial_bayou_pond_e, serial_bayou_pond_a
D:4:      enter_ossuary_5, hangedman_decor_points, minmay_gold_behind_fungi

Skill      XL: |  1 |
---------------+----+-----
Earth Magic    | 3 |  3.4
Spellcasting   | 3 |  3.2
Dodging        | |  3.0
Stealth        | |  3.0
Transmutations | |  1.3

Action                   || total
-------------------------++-------
 Cast: Sandblast         ||    20
  Use: Potion            ||     1
Dodge: Dodged            ||     6

Table legend:
 A = Spawn XP
 B = Non-spawn XP
 C = Spawn XP percentage of total XP
 D = Spawn monster count
 E = Non-spawn monster count
 F = Spawn count percentage of total count
 G = Total turns spent on level
                    A         B        C        D         E        F      G
               +---------+---------+-------+---------+---------+-------+---------
         Total |       0 |      34 |   0.0 |       0 |       9 |   0.0 |   396
               +---------+---------+-------+---------+---------+-------+---------
           D:1 |       0 |       3 |   0.0 |       0 |       1 |   0.0 |    45
           D:2 |       0 |       3 |   0.0 |       0 |       2 |   0.0 |    11
           D:3 |       0 |      28 |   0.0 |       0 |       6 |   0.0 |   210
               +---------+---------+-------+---------+---------+-------+---------
